 Dungeon Crawl Stone Soup version 0.30-a0-956-gcec3b41aec (webtiles) character file.

Game seed: 799327914602228210

6097 cforsyth the Basher (level 11, -18/92 HPs)
             Began as a Formicid Fighter on Mar 29, 2023.
             Was a Follower of Ru.
             Demolished by Snorg (22 damage)
             ... on level 10 of the Dungeon.
             The game lasted 00:13:47 (10844 turns).

cforsyth the Basher (Formicid Fighter)             Turns: 10844, Time: 00:13:48

Health: -18/92     AC: 12    Str: 25    XL:     11   Next: 12%
Magic:  11/11      EV:  6    Int: 11    God:    Ru [*.....]
Gold:   512        SH:  5    Dex: 12    Spells: 10/10 levels left

rFire   . . .      SeeInvis +    d - +2 flail (heavy)
rCold   . . .      Faith    .    c - +0 buckler
rNeg    . . .      Spirit   .    r - +0 plate armour of Acoc {rElec Will+ rCorr}
rPois   .          Reflect  .    (helmet unavailable)
rElec   +          Rampage  .    (no cloak)
rCorr   +                        (no gloves)
Will    ++...                    m - +0 pair of boots Stlth
                                 (no amulet)
HPRegen 0.35/turn                (no ring)
MPRegen 0.12/turn                (no ring)

@: no status effects
A: permanent stasis, dig shafts and tunnels, antennae 3, inability to train
dodging, four strong arms, clever 1
a: Dig, Shaft Self, Renounce Religion


You were on level 10 of the Dungeon.
You worshipped Ru.
Ru was aware of your devotion.
You visited 2 branches of the dungeon, and saw 11 of its levels.

You collected 512 gold pieces.

Inventory:

Hand Weapons
 a - a +0 flail
 d - a +2 heavy flail (weapon)
Armour
 b - a +0 scale mail
 c - a +0 buckler (worn)
 m - a +0 pair of boots (worn)
 r - the +0 plate armour of Acoc (worn) {rElec Will+ rCorr}
   (You found it on level 4 of the Dungeon)

   rElec:     It insulates you from electricity.
   rCorr:     It protects you from acid and corrosion.
   Will:      It increases your willpower.
Jewellery
 G - an amulet of faith
Wands
 s - a wand of polymorph (6)
 v - a wand of flame (10)
 y - a wand of mindburst (9)
 E - a wand of acid (7)
Scrolls
 f - 4 scrolls of teleportation {unknown}
 h - 16 scrolls of identify {unknown}
 i - 3 scrolls of vulnerability {unknown}
 k - 3 scrolls of immolation {unknown}
 l - 3 scrolls of blinking {unknown}
 o - 2 scrolls of amnesia {unknown}
 p - a scroll of enchant weapon {unknown}
 q - 2 scrolls of fear {unknown}
 u - 2 scrolls of magic mapping {unknown}
 x - 2 scrolls of noise {unknown}
 B - 3 scrolls of enchant armour {unknown}
 F - 2 scrolls of fog {unknown}
Potions
 e - 4 potions of lignification
 g - a potion of cancellation {unknown}
 j - a potion of berserk rage {unknown}
 n - 2 potions of mutation
 t - 2 potions of attraction
 w - 2 potions of brilliance
 z - a potion of haste {unknown}
 A - a potion of invisibility {unknown}
 C - a potion of heal wounds {unknown}
 D - 3 potions of degeneration {unknown}


   Skills:
 + Level 10.7 Fighting
 * Level 13.2 Maces & Flails
 - Level 3.2 Armour
 - Level 4.0 Shields


You had 10 spell levels left.
You didn't know any spells.
Your spell library contained the following spells:

 Spells                   Type           Power      Damage    Failure   Level
 Kiss of Death            Conj/Necr      0%         2d5       100%        1
 Shock                    Conj/Air       0%         1d3       100%        1
 Slow                     Hex            0%         N/A       100%        1
 Ensorcelled Hibernation  Hex/Ice        0%         N/A       100%        2
 Confusing Touch          Hex            0%         N/A       100%        3
 Gell's Gravitas          Tloc           0%         N/A       100%        3
 Hailstorm                Conj/Ice       0%         3d3       100%        3
 Teleport Other           Tloc           0%         N/A       100%        3
 Vampiric Draining        Necr           0%         2d6       100%        3
 Ice Form                 Ice/Tmut       0%         N/A       100%        4
 Dispersal                Tloc           0%         N/A       100%        6
 Simulacrum               Ice/Necr       0%         N/A       100%        6
 Fire Storm               Conj/Fire      0%         5d1       100%        9


Dungeon Overview and Level Annotations

Branches:
Dungeon (10/15)            Temple (1/1) D:5
   Lair: D:8-11         Orc: D:9-12

Altars:
Ashenzari
Cheibriados
Dithmenos
Fedhas
Hepliaklqana
Kikubaaqudgha
Nemelex Xobeh
Okawaru
Qazlal
Ru
Sif Muna
Trog
Uskayaw
Vehumet
Wu Jian
Xom
Yredelemnul

Shops:
D:2 =   D:4 !   D:5 (?=(   D:9 *

Annotations:
D:4 1 runed translucent door, howech's ghost, novice MiGl
D:9 2 transporters, GigaChad's ghost, novice FoGl
D:10 Snorg


Innate Abilities, Weirdness & Mutations

You cannot be hasted, slowed, berserked, paralysed or teleported.
You can dig through walls and to a lower floor.
You have a pair of large antennae on your head. (SInv)
You cannot train Dodging skill.
Your four strong arms can wield two-handed weapons with a shield.
Your mind is acute. (Int +4, Str/Dex -1)


Message History

The bolt of acid hits Snorg!
The acid corrodes Snorg!
Snorg is lightly wounded.
A flash of anger passes briefly over Snorg's face.
Aiming: Corrosive Bolt
Press: ? - help, Shift-Dir - straight line, f/p - Snorg
Aim: Snorg (lightly wounded, covered in acid, 71% to hit)
The bolt of acid hits Snorg!!
Snorg is moderately wounded.
Snorg begins to attack, but is stunned by your conviction!
Aiming: Mindburst
Press: ? - help, Shift-Dir - straight line, f/p - Snorg
Aim: Snorg (moderately wounded, covered in acid, chance to affect: 29%) Snorg easily resists.
Aiming: Throw Flame
Press: ? - help, Shift-Dir - straight line, f/p - Snorg
Aim: Snorg (moderately wounded, covered in acid, 68% to hit)
The puff of flame hits Snorg.
Snorg is moderately wounded.
You hit Snorg.
Snorg is moderately wounded.
Snorg goes berserk!
You closely miss Snorg.
Snorg is moderately wounded.
Snorg closely misses you. Snorg claws you! x2
You closely miss Snorg.
Snorg is moderately wounded.
Snorg is no longer covered in acid.
Snorg bites you! Snorg claws you. Snorg closely misses you.
Snorg barely misses you. Snorg claws you. x2
You barely miss Snorg.
Snorg is moderately wounded.
Snorg barely misses you. Snorg claws you but does no damage. x2
Snorg bites you!!
* * * LOW HITPOINT WARNING * * *
Snorg claws you.
* * * LOW HITPOINT WARNING * * *
Snorg claws you!
* * * LOW HITPOINT WARNING * * *
Are you sure you want to shaft yourself?
Snorg bites you!!
You die...

#$....#.. #.....#..
#.....#.# #.....#.#
#.....#.# #.....#.#
#.....#.# +.....T.#
#.....#@# .
#######.# #..
........########....
..>......)).........
############<.......
{{{ {{{#........ { {
{#........ {{
{{{#........
###+#####


You could see Snorg (berserk).

Vanquished Creatures
  A two-headed ogre (D:9)
  Sigmund (D:4)
  2 shadows (D:9)
  8 yaks
  5 humans (D:6)
  Edmund (D:4)
  An acid dragon (D:9)
  A water moccasin (D:6)
  4 orc warriors
  2 ice beasts
  4 ogres
  3 centaurs
  A phantom (D:6)
  2 bullfrogs
  Blork the orc (D:5)
  3 scorpions
  3 wights (D:8)
  4 killer bees
  5 howler monkeys
  2 hounds
  A jelly (D:4)
  6 orc priests
  A sleepcap (D:4)
  3 iguanas
  Natasha (thrice) (D:4)
  5 orc wizards
  Robin (D:2)
  4 gnolls
  5 adders
  2 white imps
  3 worms
  2 dart slugs
  39 orcs
  6 endoplasms
  5 giant cockroaches
  5 hobgoblins
  8 quokkas
  10 ball pythons
  6 bats
  4 frilled lizards
  17 goblins
  12 kobolds
  9 rats
211 creatures vanquished.

Notes
Turn   | Place    | Note
-------+----------+-------------------------------------------
     0 | D:1      | cforsyth the Formicid Fighter began the quest for the Orb.
     0 | D:1      | Reached XP level 1. HP: 18/18 MP: 1/1
    85 | D:1      | Reached XP level 2. HP: 24/24 MP: 2/2
   264 | D:1      | Reached XP level 3. HP: 30/30 MP: 3/3
   372 | D:1      | Reached skill level 3 in Maces & Flails
   800 | D:2      | Found Ekhuesa's Jewellery Boutique.
   880 | D:2      | Noticed Robin
  1071 | D:2      | Found a faded altar of an unknown god.
  1129 | D:2      | Reached XP level 4. HP: 36/37 MP: 4/4
  1142 | D:2      | You fall into a shaft and drop 2 floors!
  1536 | D:2      | Killed Robin
  1812 | D:2      | Reached skill level 4 in Maces & Flails
  1812 | D:2      | Reached XP level 5. HP: 11/43 MP: 5/5
  2652 | D:4      | Noticed Edmund
  2661 | D:4      | Killed Edmund
  2662 | D:4      | Reached skill level 5 in Fighting
  2662 | D:4      | Reached skill level 5 in Maces & Flails
  2662 | D:4      | Reached XP level 6. HP: 19/51 MP: 6/6
  2779 | D:4      | Noticed Natasha
  2783 | D:4      | Killed Natasha
  2801 | D:4      | Found Feifael's Distillery.
  2811 | D:4      | Noticed Natasha
  2818 | D:4      | Killed Natasha
  2963 | D:4      | Reached XP level 7. HP: 54/56 MP: 7/7
  2965 | D:4      | Identified the +0 plate armour of Acoc {rElec Will+ rCorr}
  2982 | D:4      | Noticed Sigmund
  2988 | D:4      | Killed Sigmund
  2989 | D:4      | Reached skill level 6 in Maces & Flails
  3164 | D:4      | Found a runed translucent door.
  3242 | D:4      | Identified the +1 robe "Ana Zeit" {rN+++ Will- Regen+
                  | Str-3}
  3406 | D:4      | Noticed Natasha
  3411 | D:4      | Killed Natasha
  3621 | D:4      | Noticed howech's ghost (novice MiGl)
  3686 | D:5      | Entered Level 5 of the Dungeon
  3942 | D:4      | Reached skill level 7 in Maces & Flails
  3942 | D:4      | Reached XP level 8. HP: 9/64 MP: 8/8
  4655 | D:5      | Noticed Blork the orc
  5372 | D:4      | Reached skill level 8 in Maces & Flails
  5413 | D:5      | Found a staircase to the Ecumenical Temple.
  5422 | Temple   | Entered the Ecumenical Temple
  5422 | Temple   | Found a transporter.
  5422 | Temple   | Found a transporter.
  5424 | Temple   | Found a transporter.
  5424 | Temple   | Found a transporter.
  5491 | D:5      | Found Ryxanir's Magic Scroll Shoppe.
  5512 | D:5      | Killed Blork the orc
  5553 | D:5      | Found Egydaf's Antique Weapon Boutique.
  5601 | D:5      | Found Ruikkug's Antique Weapon Shop.
  5671 | D:5      | Found a shimmering blue altar of Sif Muna.
  5712 | D:5      | Found an iron altar of Okawaru.
  5777 | D:5      | Found Rolef Roixzi's Jewellery Boutique.
  6145 | D:6      | Noticed a human
  6145 | D:6      | Noticed a human
  6259 | D:6      | Noticed a yak
  6259 | D:6      | Noticed a yak
  6275 | D:6      | Killed a yak
  6282 | D:6      | Noticed a yak
  6282 | D:6      | Noticed a yak
  6282 | D:6      | Noticed a yak
  6285 | D:6      | Killed a yak
  6286 | D:6      | Reached skill level 9 in Maces & Flails
  6286 | D:6      | Reached XP level 9. HP: 72/72 MP: 9/9
  6344 | D:6      | Reached skill level 10 in Maces & Flails
  6731 | D:6      | Reached XP level 10. HP: 40/82 MP: 10/10
  6892 | D:6      | Reached skill level 11 in Maces & Flails
  6958 | D:6      | Noticed a +0 spear
  6958 | D:6      | Noticed a +0 short sword
  6958 | D:6      | Noticed a +0 falchion
  6959 | D:6      | Noticed a +0 falchion
  6959 | D:6      | Noticed a +0 short sword
  6961 | D:6      | Noticed a +0 dagger
  6961 | D:6      | Noticed a +0 spear
  6962 | D:6      | Noticed a +0 dagger
  6966 | D:6      | Found a hide-covered altar of Uskayaw.
  7156 | D:6      | Found a sacrificial altar of Ru.
  7237 | D:6      | Became a worshipper of Ru the Awakened
  8284 | D:8      | Gained mutation: You cannot train Dodging skill. [Ru
                  | sacrifice]
  8284 | D:8      | Reached * piety under Ru
  9038 | D:9      | Reached skill level 12 in Maces & Flails
  9098 | D:9      | Found a transporter.
  9101 | D:9      | Found a transporter.
  9130 | D:9      | Noticed a two-headed ogre
  9133 | D:9      | Noticed GigaChad's ghost (novice FoGl)
  9193 | D:9      | Noticed a two-headed ogre
  9199 | D:9      | Killed a two-headed ogre
  9200 | D:9      | Reached skill level 10 in Fighting
  9401 | D:8      | Gained mutation: Your mind is acute. (Int +4, Str/Dex -1)
                  | [potion of mutation]
  9406 | D:8      | HP: 6/127 [killer bee (1)]
 10049 | D:9      | Found Wuhuw's General Store.
 10103 | D:9      | Got Pecadagu's Codex of Prime Guile
 10273 | D:9      | Reached XP level 11. HP: 84/92 MP: 11/11
 10490 | D:9      | Reached skill level 13 in Maces & Flails
 10709 | D:10     | Entered Level 10 of the Dungeon
 10832 | D:10     | Noticed Snorg
 10843 | D:10     | HP: 4/92 [Snorg (11)]
 10844 | D:10     | Demolished by Snorg

Illustrated notes

Levels and vault maps discovered:
D:1:      dpeg_arrival_more_subterranean_lakeside_camping, layout_basic
D:2:      layout_basic, basic_ecumenical_altar, serial_shops, shop,
          minmay_3d_cube, uniq_robin
D:3:      layout_loops_ring
D:4:      layout_basic, ebering_ghost_sewer_d, serial_shops, shop_fountains,
          corexii_corridor_pit, uniq_edmund, uniq_sigmund, uniq_natasha
D:5:      layout_cave_pools, mainiacjoe_overflow_brackets,
          nicolae_sif_muna_little_library, minmay_temple_entry_statues_pillars,
          serial_shops, shop, shop, nicolae_inconvenience_store, shop,
          chequers_serial_rivers_small_3, kennysheep_decorative_pillar,
          minmay_misc_feat_cross, kennysheep_nub, uniq_blork_the_orc
D:6:      layout_rooms, nicolae_uskayaw_en_pointe, marbit_many_paths,
          minmay_ruffians
D:7:      layout_basic, corexii_checkpoint_b, amcnicky_mini_pool_small
D:8:      layout_loops_corners
D:9:      layout_roguey, nzn_ghost_randoct, serial_shops, nicolae_square_shop,
          special_room [special_room_orc]
D:10:     layout_irregular_city, good_gods_temple_1, grunt_gozag_statues,
          bloody_makhleb, lair_entry_dummy, hiddenorc2_lemuel,
          serial_column_ruins, column_ruins_open_small,
          column_ruins_columns_corner, column_ruins_open_small,
          column_ruins_open_tiny, column_ruins_grid_4, minmay_shop_mass,
          minivault_25, chequers_serial_rivers_micro_c, uniq_snorg, uniq_grum
Temple:   hellmonk_temple_divided_pantheon

Skill      XL: |  1  2  3  4  5  6  7  8  9 10 11 |
---------------+----------------------------------+-----
Maces & Flails | 3 4 5 7 9 10 12 13 | 13.2
Fighting       | 4 5 6 7 8 10 | 10.7
Armour         | |  3.2
Shields        | |  4.0

Action                     |  1- 3 |  4- 6 |  7- 9 | 10-12 || total
---------------------------+-------+-------+-------+-------++-------
  Melee: Flail             |   107 |   162 |   131 |   233 ||   633
 Invoke: Sacrifice Nimblen |       |       |       |     1 ||     1
Ability: Shaft Self        |       |       |       |     1 ||     1
  Evoke: Wand              |       |       |     2 |     4 ||     6
    Use: Potion            |       |     1 |       |     6 ||     7
 Armour: Scale mail        |    50 |    64 |       |       ||   114
         Plate armour      |       |       |   101 |   122 ||   223
         Skin              |       |       |       |    27 ||    27
  Dodge: Dodged            |    41 |    83 |    47 |    63 ||   234
  Block: Buckler           |    33 |    37 |    44 |    54 ||   168

Table legend: (Time is in decaauts)
 A = Elapsed time spent in this place.
 B = Non-inter-level travel time spent in this place.
 C = Inter-level travel time spent in this place.
 D = Time resting spent in this place.
 E = Time spent auto-exploring this place.
 F = Levels seen in this place.
 G = Mean time per level.
                   A        B        C        D        E       F      G
               +--------+--------+--------+--------+--------+-----+--------+
         Total |  11053 |  10702 |    351 |   2514 |   6273 |  11 | 1004.8 |
       Dungeon |  11017 |  10674 |    343 |   2514 |   6268 |  10 | 1101.7 |
        Temple |     35 |     27 |      8 |      0 |      5 |   1 |   35.0 |
               +--------+--------+--------+--------+--------+-----+--------+

Top non-repeatable levels by time:
     D:4: 2706 daAuts
     D:8: 1418 daAuts
     D:6: 1222 daAuts
     D:9: 1199 daAuts
     D:2: 1108 daAuts
     D:5: 888 daAuts
     D:1: 810 daAuts
     D:7: 766 daAuts
     D:3: 760 daAuts
    D:10: 136 daAuts
  Temple: 35 daAuts
